 Dungeon Crawl Stone Soup version 0.18.1-48-g4cf74bf (webtiles) character file.

3706 nikopol the Cleaver (level 9, -5/82 HPs)
             Began as a Minotaur Berserker on Aug 28, 2016.
             Was an Elder of Trog.
             Slain by a thrashing horror (14 damage)
             ... on level 1 of the Abyss.
             The game lasted 00:21:56 (7580 turns).

nikopol the Cleaver (Minotaur Berserker)            Turns: 7580, Time: 00:21:57

Health: -5/82      AC: 10    Str: 22    XL:     9   Next: 91%
Magic:  8/8        EV: 14    Int:  4    God:    Trog [****..]
Gold:   547        SH:  0    Dex: 13    Spells: 0 memorised, 8 levels left

rFire  . . .     SeeInvis .     a - +1 hand axe
rCold  . . .     Gourm    .     q - +0 scale mail
rNeg   . . .     Faith    .     (no shield)
rPois  .         Spirit   .     (helmet restricted)
rElec  .         Dismiss  .     i - +1 cloak
rCorr  .         Reflect  .     (no gloves)
SustAt .         Harm     .     (no boots)
MR     .....                    (no amulet)
Stlth  ..........               (no ring)
                                (no ring)

@: not resistant to hostile enchantments, extremely unstealthy
A: retaliatory headbutt, horns 2
a: Berserk, Trog's Hand, Brothers in Arms, Burn Spellbooks, Renounce Religion


You were on level 1 of the Abyss.
You worshipped Trog.
Trog was greatly pleased with you.
You were hungry.

You visited 1 branch of the dungeon, and saw 8 of its levels.
You visited the Abyss 1 time.
You also visited: Sewer.

You collected 547 gold pieces.

Inventory:

Hand Weapons
 a - a +1 hand axe (weapon)
 z - a +0 shortbow
Missiles
 j - 120 arrows (quivered)
Armour
 b - a +0 animal skin
 e - a +0 ring mail
 i - a +1 cloak (worn)
 q - a +0 scale mail (worn)
Jewellery
 u - a cursed ring of loudness {unknown}
 y - a cursed ring of teleportation {unknown}
 E - an uncursed ring of resist corrosion {unknown}
Wands
 d - a wand of random effects (20/48)
 m - a wand of acid (8/15)
 r - a wand of flame (26/48)
 x - a wand of iceblast (15/15)
 B - a wand of confusion (34/48)
Scrolls
 f - 8 scrolls of identify
 l - a scroll of immolation {unknown}
 p - 4 scrolls of teleportation
 t - 2 scrolls of enchant armour
 C - 2 scrolls of amnesia {unknown}
 D - a scroll of fog
 F - 2 scrolls of remove curse
Potions
 g - 2 potions of lignification
 k - a potion of haste {unknown}
 n - 3 potions of curing
 s - a potion of ambrosia {unknown}
 v - a potion of flight {unknown}
 w - a potion of invisibility {unknown}
 A - a potion of brilliance {unknown}
 G - a potion of degeneration {unknown}
Comestibles
 c - a bread ration
 h - 2 meat rations
 o - 2 fruits


   Skills:
 + Level 8.6 Fighting
 * Level 9.2 Axes
 * Level 5.0 Bows
 + Level 8.3 Armour
 + Level 7.5 Dodging


You had 8 spell levels left.
You didn't know any spells.

Dungeon Overview and Level Annotations

Branches:
Dungeon (8/15)             Temple (0/1) D:6
   Lair: D:8-11

Altars:
Cheibriados
Elyvilon
Gozag
Pakellas
Ru
Xom
Yredelemnul
The Shining One

Annotations:
D:2 Natasha
D:8 Psyche


Innate Abilities, Weirdness & Mutations

You reflexively headbutt those who attack you in melee.
You have a pair of horns on your head.


Message History

The freezing wraith barely misses you. The freezing wraith misses you.
You hit the thrashing horror. You headbutt the thrashing horror.
The thrashing horror is almost destroyed.
You hit the freezing wraith.
The freezing wraith is lightly damaged.
The thrashing horror barely misses you.
The thrashing horror tramples you but does no damage.
The freezing wraith misses you. You furiously retaliate!
You headbutt the freezing wraith.
The freezing wraith completely misses you.
You hit the thrashing horror.
The thrashing horror is almost destroyed.
You hit the freezing wraith but do no damage.
The freezing wraith is lightly damaged.
The thrashing horror tramples you!
* * * LOW HITPOINT WARNING * * *
You hold your ground!
The thrashing horror tramples you but does no damage.
The thrashing horror tramples you!
You die...

#.# ##.## .#
...###...# # ..
..#.... #..
......... . #... .#
.# .. #... ..# .#
##.## #.##
(..###..W###...##
....#..x.@#.....#
...........X.......
#. ...#.....#.....#
#. .###...###...##
##.# ##.## #.## .##
..# #... # ...# .
... .#(....# . ..#
... .......... ..
.. ... .#.....#...


You could see a thrashing horror, a freezing wraith and a small abomination.

Vanquished Creatures
  Pikel (D:6)
  The ghost of Charly the Cleaver, a novice MiCK of Xom (D:5)
  Sigmund (D:3)
  The ghost of Inkary the Chopper, an amateur HOFi of Okawaru (D:3)
  3 hungry ghosts
  A hippogriff (D:8)
  Edmund (D:5)
  A slave (D:6)
  An ice beast (D:8)
  An orc warrior (D:6)
  2 sky beasts
  A black bear (D:8)
  2 centaurs
  2 ogres
  A giant frog (Sewer)
  2 scorpions
  A water moccasin skeleton (D:4)
  2 crimson imps
  A centaur zombie (D:8)
  A jelly (D:5)
  Crazy Yiuf (D:4)
  7 orc wizards
  A giant frog skeleton (D:7)
  2 worker ants
  Jessica (D:2)
  Ijyb (D:2)
  Terence (D:2)
  Natasha (D:2)
  An iguana (D:8)
  A hound skeleton (D:6)
  10 gnolls
  19 adders
  A shadow imp (D:6)
  12 oozes (Sewer)
  3 adder skeletons
  A dart slug (D:1)
  13 giant geckos
  7 orcs
  10 giant cockroaches
  5 goblins
  5 hobgoblins
  2 jackals (D:1)
  5 kobolds
  2 quokkas (D:7)
  13 ball pythons
  8 bats
  A giant gecko skeleton (D:7)
  A giant gecko zombie (D:7)
  14 giant newts
  6 rats
182 creatures vanquished.

Vanquished Creatures (others)
  2 slaves (D:6)
  A necrophage (D:6)
  An orc wizard (D:6)
  2 adders (D:6)
  2 orcs (D:6)
  A giant cockroach (D:6)
  5 toadstools (D:1)
14 creatures vanquished.

Grand Total: 196 creatures vanquished

Notes
Turn   | Place    | Note
--------------------------------------------------------------
     0 | D:1      | nikopol the Minotaur Berserker began the quest for the Orb.
     0 | D:1      | Reached XP level 1. HP: 19/19 MP: 0/0
   118 | D:1      | Reached XP level 2. HP: 26/27 MP: 1/1
  1093 | D:2      | Noticed Terence
  1099 | D:2      | Killed Terence
  1099 | D:2      | Reached skill level 4 in Axes
  1099 | D:2      | Reached XP level 3. HP: 33/33 MP: 2/2
  1183 | D:2      | Noticed Ijyb
  1192 | D:2      | Killed Ijyb
  1192 | D:2      | Reached XP level 4. HP: 33/40 MP: 3/3
  1234 | D:2      | Reached ** piety under Trog
  1308 | D:2      | Noticed Jessica
  1310 | D:2      | Killed Jessica
  1497 | D:2      | Noticed Natasha
  1516 | D:2      | Killed Natasha
  1516 | D:2      | Reached XP level 5. HP: 37/47 MP: 4/4
  2141 | D:2      | Found an oddly glowing altar of Pakellas.
  2142 | D:2      | Found an opulent altar of Gozag.
  2145 | D:2      | Noticed Natasha
  2145 | D:2      | Found a white marble altar of Elyvilon.
  2393 | D:3      | Found a shimmering altar of Xom.
  2408 | D:3      | Noticed Inkary's ghost (amateur HOFi)
  2423 | D:3      | Killed Inkary's ghost
  2423 | D:3      | Reached skill level 5 in Fighting
  2423 | D:3      | Reached skill level 5 in Axes
  2423 | D:3      | Reached XP level 6. HP: 56/56 MP: 5/5
  2697 | D:3      | Noticed Sigmund
  2703 | D:3      | Killed Sigmund
  2703 | D:3      | Reached skill level 5 in Armour
  2703 | D:3      | Reached XP level 7. HP: 58/62 MP: 6/6
  3026 | D:4      | Reached *** piety under Trog
  3332 | D:4      | Reached skill level 5 in Dodging
  3513 | D:4      | Found a snail-covered altar of Cheibriados.
  3583 | D:4      | Noticed Crazy Yiuf
  3589 | D:4      | Killed Crazy Yiuf
  3787 | D:5      | Entered Level 5 of the Dungeon
  3797 | D:5      | Noticed Edmund
  3806 | D:5      | Killed Edmund
  3806 | D:5      | Reached skill level 6 in Axes
  4088 | D:5      | Reached XP level 8. HP: 57/71 MP: 7/7
  4135 | D:5      | Found a sacrificial altar of Ru.
  4147 | D:5      | Noticed Charly's ghost (novice MiCK)
  4160 | D:5      | Killed Charly's ghost
  4179 | D:5      | Reached skill level 7 in Axes
  4580 | D:6      | Found a staircase to the Ecumenical Temple.
  4936 | D:6      | Reached skill level 1 in Bows
  5063 | D:6      | Noticed Pikel
  5086 | D:6      | Killed Pikel
  5086 | D:6      | Reached XP level 9. HP: 66/81 MP: 8/8
  5116 | D:6      | Found a glowing drain.
  5126 | Sewer    | Entered a sewer
  5161 | Sewer    | Reached skill level 8 in Axes
  5181 | Sewer    | Reached **** piety under Trog
  5698 | D:6      | Found a basalt altar of Yredelemnul.
  6344 | D:7      | Found a glowing golden altar of the Shining One.
  6346 | D:7      | Noticed an angel
  6774 | D:7      | Found a basalt altar of Yredelemnul.
  7074 | D:8      | Reached skill level 9 in Axes
  7317 | D:8      | Reached skill level 5 in Bows
  7516 | D:8      | Noticed Psyche
  7520 | D:8      | Cast into level 1 of the Abyss (Psyche)
  7565 | Abyss:1  | Noticed a thrashing horror
  7570 | Abyss:1  | Noticed a freezing wraith
  7580 | Abyss:1  | Slain by a thrashing horror

Skill      XL: |  1  2  3  4  5  6  7  8  9 |
---------------+----------------------------+-----
Fighting       | 4 5 6 7 8 |  8.6
Axes           | 4 5 6 7 9 |  9.2
Armour         | 3 4 5 6 7 8 |  8.3
Dodging        | 3 4 5 6 7 |  7.5
Bows           | 2 5 |  5.0

Action                   |  1- 3 |  4- 6 |  7- 9 || total
-------------------------+-------+-------+-------++-------
Melee: Hand axe          |    46 |    83 |   387 ||   516
       Headbutt          |     2 |    14 |    78 ||    94
 Fire: Shortbow          |       |       |    86 ||    86
Invok: Berserk           |     1 |     1 |     1 ||     3
       Burn Spellbooks   |       |       |     1 ||     1
  Use: Scroll            |       |       |     7 ||     7
  Eat: Chunk             |     2 |     6 |    13 ||    21
       Beef jerky        |       |       |     1 ||     1
       Bread ration      |       |       |     1 ||     1
       Pizza             |       |       |     1 ||     1
Armor: Animal skin       |     2 |       |       ||     2
       Ring mail         |    10 |    33 |    40 ||    83
       Scale mail        |       |       |    98 ||    98
Dodge: Dodged            |    25 |    57 |   258 ||   340
